 Dungeon Crawl Stone Soup version 0.28-a0-1206-g193881aaa2 (webtiles) character file.

Game seed: 6852276238998957473

135 blank1 the Chopper (level 5, 0/46 HPs)
             Began as a Hill Orc Fighter on Dec 21, 2021.
             Slain by a gnoll (12 damage)
             ... on level 3 of the Dungeon.
             The game lasted 00:03:41 (3036 turns).

blank1 the Chopper (Hill Orc Fighter)               Turns: 3036, Time: 00:03:42

Health: 0/46       AC:  8    Str: 21    XL:     5   Next: 18%
Magic:  5/5        EV:  9    Int:  8    God:
Gold:   78         SH:  4    Dex: 10    Spells: 4/4 levels left

rFire   . . .      SeeInvis .   a - +0 war axe
rCold   . . .      Faith    .   c - +0 buckler
rNeg    + . .      Spirit   .   b - +0 scale mail
rPois   .          Reflect  .   (no helmet)
rElec   .          Harm     .   i - scarf {shadows}
rCorr   .          Rampage  .   (no gloves)
Will    .....                   m - +0 pair of boots
Stlth   ..........              (no amulet)
HPRegen 0.15/turn               g - ring of positive energy
MPRegen 0.09/turn               (no ring)

@: no status effects
A: no striking features
a: no special abilities


You were on level 3 of the Dungeon.
You visited 1 branch of the dungeon, and saw 3 of its levels.

You collected 78 gold pieces.

Inventory:

Hand Weapons
 a - a +0 war axe (weapon)
Armour
 b - a +0 scale mail (worn)
 c - a +0 buckler (worn)
 i - a scarf of shadows (worn)
 m - a +0 pair of boots (worn)
Jewellery
 g - a ring of positive energy (left hand)
Wands
 k - a wand of iceblast (6)
Scrolls
 e - a scroll of torment
 f - 2 scrolls of identify
 j - a scroll of teleportation {unknown}
 l - a scroll of enchant weapon {unknown}
Potions
 d - 2 potions of might
 h - 2 potions of attraction


   Skills:
 - Level 4.0 Fighting
 + Level 5.4 Axes
 - Level 4.0 Armour
 - Level 4.0 Shields


You had 4 spell levels left.
You didn't know any spells.
Your spell library was empty.

Dungeon Overview and Level Annotations

Branches:
Dungeon (3/15)

Altars:

Shops:
D:2 ?   D:3 *

Annotations:
D:3 2 runed translucent doors


Message History

You hit the giant cockroach.
You kill the giant cockroach!
You see here a giant cockroach corpse.
You see here a giant cockroach corpse.
There is a stone staircase leading down here.
You start resting.
HP restored.
You climb downwards.
Level annotation: 2 runed translucent doors The ball python bites you but does no damage.
The ball python misses you. The ball python barely misses you.
The ball python grabs you. The ball python constricts you.
There is a stone staircase leading up here.
You hit the ball python.
You kill the ball python!
The gnoll barely misses you.
The gnoll hits you from afar with a +0 halberd.
The gnoll closely misses you.
You barely miss the gnoll. The gnoll hits you with a +0 halberd.
The gnoll hits you from afar with a +0 halberd.
You barely miss the gnoll. The gnoll hits you with a +0 halberd!
The gnoll closely misses you.
You closely miss the gnoll. You block the gnoll's attack.
The gnoll barely misses you.
You hit the gnoll but do no damage. The gnoll hits you but does no damage.
The gnoll closely misses you. The gnoll barely misses you.
You barely miss the gnoll.
The gnoll hits you from afar with a +0 halberd!
The gnoll hits you with a +0 halberd. You block the gnoll's attack.
You are too injured to fight recklessly!
You are too injured to fight recklessly!
You are too injured to fight recklessly!
You are too injured to fight recklessly!
You are too injured to fight recklessly!
You are too injured to fight recklessly!
The gnoll hits you from afar with a +0 halberd.
* * * LOW HITPOINT WARNING * * *
There is a stone staircase leading up here.
The gnoll hits you from afar with a +0 halberd!
You die...

#.# ##..# #. #.###........ ###.##
#...####++####..##........
)....###.....8#..#8..............
####..##.....+....'....##........
#...........8####8...###........
#.....†................+........
#.....).......######.###........
####+##......g### #.# #........
##.##......g.@####.#######.###
...........................>...
###..###.##########+######....)
##. #.# ... #..... # #.# ....
#..... #.# .....####..... #.#
......)....... #.# .....####.....
..# .... #.....


You could see 2 gnolls.

Vanquished Creatures
  2 gnolls (D:3)
  2 adders
  2 worms
  3 ball pythons
  8 bats
  9 endoplasms
  6 giant cockroaches
  6 goblins
  9 hobgoblins
  13 jackals
  4 kobolds
  3 quokkas
  5 frilled lizards
  7 rats
79 creatures vanquished.

Vanquished Creatures (others)
  A hobgoblin (D:3)
1 creature vanquished.

Grand Total: 80 creatures vanquished

Notes
Turn   | Place    | Note
-------+----------+-------------------------------------------
     0 | D:1      | blank1 the Hill Orc Fighter began the quest for the Orb.
     0 | D:1      | Reached XP level 1. HP: 19/19 MP: 1/1
     1 | D:1      | Found a runed translucent door.
    23 | D:1      | Reached XP level 2. HP: 22/27 MP: 2/2
    24 | D:1      | Reached skill level 3 in Axes
    42 | D:1      | Reached XP level 3. HP: 8/33 MP: 3/3
   338 | D:1      | Found a faded altar of an unknown god.
  1222 | D:2      | Reached XP level 4. HP: 13/40 MP: 4/4
  1558 | D:2      | Reached skill level 4 in Axes
  1744 | D:2      | Found Plog's Magic Scroll Emporium.
  2590 | D:3      | Found a large runed translucent door.
  2592 | D:3      | Found a large runed translucent door.
  2639 | D:3      | Reached skill level 5 in Axes
  2641 | D:3      | Reached XP level 5. HP: 31/46 MP: 5/5
  2750 | D:3      | Found Joruhat's Assorted Antiques.
  3036 | D:3      | Slain by a gnoll

Illustrated notes

Levels and vault maps discovered:
D:1:      dpeg_arrival_caged_fury, layout_basic,
          hellmonk_ecumenical_altar_dog_temple
D:2:      layout_basic, serial_shops, shop_fountains, minmay_octomino_e4
D:3:      layout_basic, jmf_multi_god_temple2, serial_shops, nicolae_shop_trees,
          minmay_goblin_outpost

Skill      XL: |  1  2  3  4 |
---------------+-------------+-----
Axes           | 3 5 |  5.4
Fighting       | 4 |  4.0
Armour         | 4 |  4.0
Shields        | 4 |  4.0

Action                   |  1- 3 |  4- 6 || total
-------------------------+-------+-------++-------
Melee: War axe           |   126 |    89 ||   215
  Use: Scroll            |       |     2 ||     2
Armor: Scale mail        |    67 |    66 ||   133
Dodge: Dodged            |    66 |    59 ||   125
Block: Buckler           |    32 |    21 ||    53

Table legend: (Time is in decaauts)
 A = Elapsed time spent in this place.
 B = Non-inter-level travel time spent in this place.
 C = Inter-level travel time spent in this place.
 D = Time resting spent in this place.
 E = Time spent auto-exploring this place.
 F = Levels seen in this place.
 G = Mean time per level.
                   A        B        C        D        E       F      G
               +--------+--------+--------+--------+--------+-----+--------+
         Total |   3103 |   2994 |    109 |    856 |   1574 |   3 | 1034.3 |
       Dungeon |   3103 |   2994 |    109 |    856 |   1574 |   3 | 1034.3 |
               +--------+--------+--------+--------+--------+-----+--------+

Top non-repeatable levels by time:
     D:2: 1291 daAuts
     D:1: 1192 daAuts
     D:3: 619 daAuts
